 Dungeon Crawl Stone Soup version 0.23-a0-536-g5e0f5a2 (webtiles) character file.

205900 MisterFreud the Warrior (level 18, -4/178 HPs)
             Began as a Minotaur Abyssal Knight on Dec 6, 2018.
             Was a High Priest of Lugonu.
             Slain by a guardian serpent (11 damage)
             ... on level 4 of the Snake Pit.
             The game lasted 01:28:28 (31933 turns).

MisterFreud the Warrior (Minotaur Abyssal Knight)  Turns: 31933, Time: 01:28:29

Health: -4/178     AC: 27    Str: 25    XL:     18   Next: 5%
Magic:  24/24      EV: 18    Int:  9    God:    Lugonu [*****.]
Gold:   3253       SH:  0    Dex: 17    Spells: 17/17 levels left

rFire    + . .     SeeInvis .   g - +2 halberd (protect)
rCold    . . .     Gourm    .   (shield currently unavailable)
rNeg     . . .     Faith    .   O - +5 ring mail of Ashenzari's Hatred {rElec Dex+5}
rPois    .         Spirit   .   (helmet restricted)
rElec    +         Reflect  .   h - +2 cloak
rCorr    .         Harm     .   (no gloves)
MR       ++...     Rnd*Rage +   a - +2 pair of boots "Petodoki" {rF+ Dex+2}
Stlth    +.........             d - amulet of regeneration
HPRegen  0.79/turn              y - ring of protection from magic
MPRegen  0.19/turn              N - +5 ring of protection

@: lethally poisoned (-4 -> -23), very slightly contaminated
A: retaliatory headbutt, horns 2, berserk 1, screaming 1
}: 1/15 runes: decaying
a: Depart the Abyss, Bend Space, Banish, Corrupt, Enter the Abyss, Renounce
Religion


You were on level 4 of the Snake Pit.
You worshipped Lugonu.
Lugonu was extremely pleased with you.
You were not hungry.

You visited 5 branches of the dungeon, and saw 31 of its levels.
You visited the Abyss 1 time.

You collected 3557 gold pieces.
You spent 304 gold pieces at shops.

Inventory:

Hand Weapons
 g - a +2 halberd of protection (weapon)
 F - the +8 hunting sling of Seputo Moacy {venom, rPois rC- rN+ Int+4}
   (You found it on level 13 of the Dungeon)

   It poisons the ammo it fires.
   It affects your intelligence (+4).
   It makes you vulnerable to cold.
   It protects you from poison.
   It protects you from negative energy.
Missiles
 b - 18 javelins (quivered)
 w - 332 bolts
 A - 4 throwing nets
Armour
 a - the +2 pair of boots "Petodoki" (worn) {rF+ Dex+2}
   (You found it on level 6 of the Lair of Beasts)

   It affects your dexterity (+2).
   It protects you from fire.
 h - a +2 cloak (worn)
 r - a cursed +0 shield
 O - the +5 ring mail of Ashenzari's Hatred (worn) {rElec Dex+5}
   (You bought it in a shop on level 7 of the Dungeon)

   It affects your dexterity (+5).
   It insulates you from electricity.
Jewellery
 d - an amulet of regeneration (around neck)
 f - a +3 ring of strength
 s - an uncursed ring of positive energy
 y - a ring of protection from magic (left hand)
 N - a +5 ring of protection (right hand)
 P - an uncursed amulet of guardian spirit
 U - a +4 ring of evasion
Wands
 i - a wand of scattershot (7)
 k - a wand of random effects (67)
 z - a wand of digging (13)
 E - a wand of disintegration (24)
 K - a wand of iceblast (25)
 S - a wand of paralysis (6)
 T - a wand of polymorph (26)
 X - a wand of flame (80)
Scrolls
 e - 9 scrolls of remove curse
 j - 3 scrolls of enchant weapon
 m - 3 scrolls of fear
 p - 3 scrolls of magic mapping
 q - 5 scrolls of immolation
 t - 5 scrolls of enchant armour
 u - 7 scrolls of amnesia
 B - 10 scrolls of fog
 J - 8 scrolls of identify
 L - 2 scrolls of silence
 V - 8 scrolls of teleportation
Potions
 n - 2 potions of cancellation
 o - 5 potions of brilliance
 v - a potion of resistance
 C - 2 potions of magic
 D - 4 potions of might
 G - a potion of berserk rage
 H - 6 potions of lignification
 I - 4 potions of agility
 M - 3 potions of heal wounds
 Q - a potion of ambrosia
 Y - 5 potions of curing
 Z - 3 potions of haste
Comestibles
 c - 54 rations
 x - a chunk of flesh


   Skills:
 - Level 20.0 Fighting
   Level 2.4 Long Blades
 + Level 16.1 Polearms
 - Level 20.0 Armour
 - Level 10.0 Dodging
 * Level 10.2 Invocations
 - Level 10.0 Evocations


You had 17 spell levels left.
You didn't know any spells.
Your spell library contained the following spells:

 Spells                   Type           Power        Failure   Level  Hunger
 Animate Skeleton         Necr           N/A          45%         1    ##.....
 Apportation              Tloc           #.....       45%         1    ##.....
 Confusing Touch          Hex            #.....       45%         1    ##.....
 Corona                   Hex            #......      45%         1    ##.....
 Infusion                 Chrm           #...         45%         1    ##.....
 Sandblast                Erth           #.....       45%         1    ##.....
 Sting                    Conj/Pois      #...         45%         1    ##.....
 Summon Small Mammal      Summ           #...         45%         1    ##.....
 Ensorcelled Hibernation  Hex/Ice        #.....       61%         2    ###....
 Passwall                 Tmut/Erth      #.......     61%         2    ###....
 Poisonous Vapours        Pois/Air       #.....       61%         2    ###....
 Shroud of Golubria       Chrm/Tloc      #.........   61%         2    ###....
 Slow                     Hex            #.......     61%         2    ###....
 Song of Slaying          Chrm           #.......     61%         2    ###....
 Confuse                  Hex            #.......     83%         3    ####...
 Dazzling Spray           Conj/Hex       #.....       83%         3    ####...
 Inner Flame              Hex/Fire       #.......     83%         3    ####...
 Mephitic Cloud           Conj/Pois/Air  #.......     83%         3    ####...
 Portal Projectile        Hex/Tloc       #.....       83%         3    ####...
 Regeneration             Chrm/Necr      #.........   83%         3    ####...
 Spectral Weapon          Hex/Chrm       #.......     83%         3    ####...
 Stone Arrow              Conj/Erth      #.....       83%         3    ####...
 Tukima's Dance           Hex            #.......     83%         3    ####...
 Vampiric Draining        Necr           #.........   83%         3    ####...
 Cause Fear               Hex            #.........   99%         4    #####..
 Ice Form                 Ice/Tmut       #.......     99%         4    #####..
 Leda's Liquefaction      Hex/Erth       #.........   99%         4    #####..
 Olgreb's Toxic Radiance  Pois           #.......     99%         4    #####..
 Petrify                  Tmut/Erth      #.......     99%         4    #####..
 Lee's Rapid Deconstruct  Erth           #.........   100%        5    ######.
 Metabolic Englaciation   Hex/Ice        #.........   100%        5    ######.
 Venom Bolt               Conj/Pois      #.........   100%        5    ######.
 Bolt of Cold             Conj/Ice       #.........   100%        6    #######
 Darkness                 Hex            #.........   100%        6    #######
 Freezing Cloud           Conj/Ice/Air   #.........   100%        6    #######
 Ozocubu's Refrigeration  Ice            #.........   100%        6    #######
 Simulacrum               Ice/Necr       #.........   100%        6    #######
 Discord                  Hex            #.........   100%        8    #######


Dungeon Overview and Level Annotations

Branches:
Dungeon (15/15)            Temple (0/1) D:5            Lair (6/6) D:8
  Swamp (4/4) Lair:3        Snake (4/4) Lair:3        Slime (0/5) Lair:5
    Orc (2/2) D:11            Elf (0/3) Orc:2        Vaults (0/5) D:13
 Depths: D:15

Altars:
Ashenzari
Dithmenos
Fedhas
Gozag
Hepliaklqana
Makhleb
Qazlal
Ru
Vehumet
Wu Jian
Xom
Zin
The Shining One
Beogh

Shops:
D:7 [}??[   D:13 (   Orc:2 *[:%   Snake:1 *

Portals:
Trove: D:15 (give 8 potions of haste)

Annotations:
Abyss:1 Erica, Nergalle, Psyche, Saint Roka, Sonja, Urug


Innate Abilities, Weirdness & Mutations

You reflexively headbutt those who attack you in melee.
You have a pair of horns on your head.
You tend to lose your temper in combat.
You occasionally shout uncontrollably at your foes.


Message History

A naga comes into view. It is wielding a +0 mace.
You see here a +0 battleaxe.
Blink to where?
Press: ? - help, Dir - move target cursor, f - you
Okay, then.
Unknown command.
Unknown command.
Blink to where?
Press: ? - help, Dir - move target cursor You are very lightly contaminated with residual magic.
As you read the scroll of blinking, it crumbles to dust.
You feel very sick.
The guardian serpent coils itself and waves its upper body at you.
The bolt of poison misses you. The nagaraja spits poison at you.
The splash of poison hits you!
You are more poisoned.
* * * LOW HITPOINT WARNING * * *
The guardian serpent hits you!
You die...

..........)..([....... .
.#####...ยง(N)#########
.. ..##..#N#)N.#### ##.#
#....##.##)[...#####...#
###...#.##N[..N........#
#.#...#N(####..##.....
..##..#N#####..##.....
#.# #.)S[###........$..
..##.@[.[..)#####...##
#.........#### ..##
#.#..#(..#### .##
##.(......# ##
....#.=.##....#
.##.#.... ...# # #...##
... #...# #. #...#


You could see 2 nagarajas, a guardian serpent and 2 nagas.

Vanquished Creatures
  Jorgrun (Swamp:3)
  Frances (Snake:1)
  A thorn hunter (Swamp:4)
  Kirke (Snake:1)
  3 nagarajas
  Louise (Snake:1)
  A very ugly thing (Swamp:3)
  Azrael (D:14)
  A dire elephant (Lair:6)
  Josephine (D:11)
  Erolcha (Orc:2)
  Harold (D:7)
  An ice dragon (D:15)
  9 naga warriors
  A vault guard (D:13)
  A rakshasa (D:15)
  2 catoblepae
  3 centaur warriors
  8 anacondas
  11 alligators
  A death knight (D:13)
  7 death yaks
  5 two-headed ogres
  A tengu warrior (D:11)
  3 shock serpents
  2 spriggans
  8 naga sharpshooters
  4 orc high priests (Orc:2)
  5 salamander mystics
  8 skeletal warriors
  A spriggan druid (Swamp:4)
  7 naga ritualists
  An unseen horror (D:11)
  A flayed ghost (D:15)
  A lindwurm (Lair:6)
  5 swamp dragons (Swamp:4)
  2 sea snakes (Snake:3)
  Pikel (D:7)
  3 orc knights
  A phantasmal warrior (D:13)
  2 ugly things
  5 salamanders
  3 deep elf magi
  10 mana vipers
  2 orc sorcerers
  5 manticores
  3 cyclopes
  20 elephants
  7 guardian serpents
  Joseph (D:8)
  35 black mambas
  Maurice (D:8)
  A guardian serpent (shapeshifter) (D:15)
  13 naga magi
  3 centaur skeletons
  17 spiny frogs
  5 yaktaurs (D:15)
  4 rime drakes (Lair:4)
  2 komodo dragons
  A freezing wraith (D:13)
  9 polar bears (Lair:6)
  8 hornets
  9 trolls
  Prince Ribbit (D:8)
  3 raiju (Lair:6)
  18 blink frogs
  8 tyrant leeches
  18 hippogriffs
  7 dream sheep (Lair:6)
  6 bog bodies
  21 slime creatures
  Sigmund (D:3)
  A centaur simulacrum (D:15)
  3 shadows
  A vampire (D:15)
  10 humans (D:13)
  12 wyverns
  8 wraiths
  56 yaks
  5 basilisks
  11 vampire mosquitoes
  A hungry ghost (D:15)
  2 fire elementals (D:14)
  Menkaure (D:5)
  7 insubstantial wisps
  19 wargs
  11 swamp worms
  58 nagas
  Duvessa (D:5)
  21 hell hounds
  16 porcupines
  15 water moccasins
  23 orc warriors
  2 acid dragons
  5 ice beasts
  4 sky beasts
  A hornet zombie (D:13)
  An eye of draining (D:11)
  13 swamp drakes
  2 phantoms (D:10)
  13 black bears
  27 wolves
  10 ogres
  22 centaurs
  12 crocodiles
  4 big kobolds
  2 gnoll sergeants
  21 bullfrogs
  Dowan (D:5)
  A hornet simulacrum (D:15)
  4 scorpions
  5 howler monkeys
  22 wights
  2 electric eels
  13 crimson imps
  2 quasits (D:6)
  A bullfrog zombie (D:9)
  A centaur zombie (D:8)
  9 hounds
  9 jellies
  A bullfrog skeleton (D:10)
  35 orc priests
  4 iguanas
  21 orc wizards
  11 worker ants
  A hound zombie (D:7)
  A hound skeleton (D:4)
  A worker ant zombie (D:9)
  13 adders
  15 gnolls
  A shadow imp (D:10)
  5 oozes (D:8)
  2 adder skeletons
  2 worms
  3 dart slugs (D:1)
  8 leopard geckos
  113 orcs
  6 giant cockroaches
  7 goblins
  10 hobgoblins
  3 jackals (D:11)
  7 quokkas
  7 bats
  3 frilled lizards
  A jackal skeleton (D:8)
  A jackal zombie (D:6)
  24 kobolds
  A leopard gecko zombie (D:6)
  4 rats
  A plant (Lair:6)
1169 creatures vanquished.

Vanquished Creatures (others)
  A slime creature (D:14)
  15 hydras
  A death knight (D:13)
  2 two-headed ogres
  3 orc high priests (Orc:2)
  4 swamp dragons (Swamp:4)
  A mana viper (Snake:3)
  A rime drake (Lair:4)
  2 blink frogs (Swamp:4)
  2 humans
  3 basilisks (Lair:4)
  A swamp worm (Swamp:2)
  2 swamp drakes (Swamp:3)
  An orc (D:14)
  A quokka (D:7)
  A bush (Lair:4)
  11 fungi
  19 plants
  A withered plant (D:15)
72 creatures vanquished.

Grand Total: 1241 creatures vanquished

Notes
Turn   | Place    | Note
-------+----------+-------------------------------------------
     0 | Abyss:1  | MisterFreud the Minotaur Abyssal Knight began the quest for
                  | the Orb.
     0 | Abyss:1  | Reached XP level 1. HP: 19/19 MP: 1/1
     8 | D:1      | Escaped the Abyss
     8 | D:1      | Noticed a shadow dragon
    10 | D:1      | Noticed a tentacled monstrosity
    10 | D:1      | Noticed a tentacled monstrosity
    12 | D:1      | Noticed a shadow dragon
    12 | D:1      | Noticed an orb of fire
    14 | D:1      | Noticed a tentacled monstrosity
    16 | D:1      | Noticed a golden dragon
    17 | D:1      | Noticed a shadow dragon
    19 | D:1      | Noticed a red draconian
    22 | D:1      | Noticed a tentacled monstrosity
    24 | D:1      | Noticed a large abomination
    24 | D:1      | Noticed a large abomination
    26 | D:1      | Noticed an iron dragon
    26 | D:1      | Noticed a black draconian
    28 | D:1      | Noticed a black draconian
    28 | D:1      | Noticed a tentacled monstrosity
   188 | D:1      | Reached XP level 2. HP: 24/28 MP: 2/2
   464 | D:1      | Reached skill level 5 in Fighting
   472 | D:1      | Reached ** piety under Lugonu
   472 | D:1      | Reached XP level 3. HP: 33/36 MP: 3/3
  1027 | D:2      | Reached XP level 4. HP: 40/44 MP: 4/4
  1242 | D:2      | Found a blossoming altar of Fedhas.
  1242 | D:2      | Found a radiant altar of Vehumet.
  1243 | D:2      | Found a sacrificial altar of Ru.
  1397 | D:2      | Found a glowing golden altar of the Shining One.
  1680 | D:3      | Noticed Sigmund
  1692 | D:3      | Killed Sigmund
  1692 | D:3      | Reached XP level 5. HP: 53/53 MP: 5/5
  1692 | D:3      | Reached XP level 6. HP: 61/61 MP: 6/6
  2079 | D:3      | Found a shattered altar of Ashenzari.
  2115 | D:3      | Reached skill level 1 in Polearms
  2166 | D:3      | Reached *** piety under Lugonu
  2691 | D:4      | Found a shimmering altar of Xom.
  2880 | D:5      | Entered Level 5 of the Dungeon
  2890 | D:5      | Found a staircase to the Ecumenical Temple.
  2912 | D:5      | Noticed a sky beast
  2912 | D:5      | Noticed an ice beast
  2915 | D:5      | Killed an ice beast
  2915 | D:5      | Reached XP level 7. HP: 68/68 MP: 9/9
  2951 | D:5      | Noticed Duvessa
  2951 | D:5      | Noticed Dowan
  2964 | D:5      | Killed Duvessa
  2964 | D:5      | Reached skill level 5 in Invocations
  2971 | D:5      | Killed Dowan
  3086 | D:5      | Found a stormy altar of Qazlal.
  3093 | D:5      | Noticed Menkaure
  3098 | D:5      | Reached XP level 8. HP: 68/74 MP: 11/11
  3109 | D:5      | Killed Menkaure
  3109 | D:5      | Reached skill level 5 in Polearms
  3763 | D:6      | Found a blossoming altar of Fedhas.
  4017 | D:6      | Reached **** piety under Lugonu
  4545 | D:6      | Reached XP level 9. HP: 81/81 MP: 13/13
  4761 | D:7      | Found Iroaweng's Gadget Emporium.
  4828 | D:7      | Found Liveof's Antique Armour Emporium.
  4858 | D:7      | Bought a jewelled ring mail for 234 gold pieces
  4868 | D:7      | Identified the +5 ring mail of Ashenzari's Hatred {rElec
                  | Dex+5} (You bought it in a shop on level 7 of the Dungeon)
  4909 | D:7      | Noticed Pikel
  4930 | D:7      | Killed Pikel
  4930 | D:7      | Reached skill level 10 in Polearms
  4934 | D:7      | Found Ozesm's Magic Scroll Boutique.
  4937 | D:7      | Bought a scroll of fog for 28 gold pieces
  4937 | D:7      | Bought a scroll of teleportation for 42 gold pieces
  4951 | D:7      | Found Pinubub's Antique Armour Shoppe.
  4979 | D:7      | Found Amneo's Magic Scroll Shoppe.
  5046 | D:7      | Noticed Harold
  5062 | D:7      | Killed Harold
  5202 | D:7      | Found a hazy altar of Hepliaklqana.
  5270 | D:7      | Reached XP level 10. HP: 88/88 MP: 15/15
  5358 | D:8      | Noticed Prince Ribbit
  5371 | D:8      | Killed Prince Ribbit
  5424 | D:8      | Got a warped ring mail
  5445 | D:8      | Noticed Joseph
  5459 | D:8      | Killed Joseph
  5479 | D:8      | Noticed Maurice
  5481 | D:8      | Reached ***** piety under Lugonu
  5533 | D:8      | Killed Maurice
  5621 | D:8      | Noticed Psyche
  5628 | D:8      | Banished Psyche
  5750 | D:8      | Noticed a two-headed ogre
  5756 | D:8      | Banished a two-headed ogre
  5838 | D:8      | Noticed Erica
  5839 | D:8      | Banished Erica
  5884 | D:8      | Found a staircase to the Lair.
  5945 | D:8      | Found a burning altar of Makhleb.
  5988 | D:8      | Identified the cursed +0 ring mail "Gunneepu" {Int+2} (You
                  | found it on level 8 of the Dungeon)
  6136 | Lair:1   | Entered Level 1 of the Lair of Beasts
  6156 | Lair:1   | Noticed Urug
  6157 | Lair:1   | Banished Urug
  6324 | Lair:1   | Reached skill level 10 in Invocations
  6365 | Lair:1   | Noticed Nergalle
  6369 | Lair:1   | Banished Nergalle
  6369 | Lair:1   | Reached skill level 1 in Evocations
  6369 | Lair:1   | Reached XP level 11. HP: 93/94 MP: 12/17
  6820 | Lair:1   | Reached skill level 5 in Evocations
  7212 | Lair:2   | Reached skill level 5 in Armour
  7470 | Lair:2   | Identified Sif Muna's Catalogue of Fetching Evil
  8128 | Lair:3   | Reached XP level 12. HP: 83/101 MP: 18/18
  8176 | Lair:3   | Found a staircase to the Snake Pit.
  8250 | Lair:3   | Reached skill level 10 in Armour
  8469 | Lair:3   | Found a staircase to the Swamp.
  8892 | Lair:4   | Noticed a five-headed hydra
  9192 | Lair:4   | Reached skill level 10 in Fighting
  9193 | Lair:4   | Noticed a seven-headed hydra
  9195 | Lair:4   | Banished a seven-headed hydra
  9258 | Lair:4   | Banished a five-headed hydra
  9326 | Lair:4   | Noticed a seven-headed hydra
  9333 | Lair:4   | Banished a seven-headed hydra
  9546 | Lair:4   | Noticed a seven-headed hydra
  9555 | Lair:4   | Banished a seven-headed hydra
  9555 | Lair:4   | Reached XP level 13. HP: 118/118 MP: 19/19
 10495 | Lair:5   | Found a staircase to the Slime Pits.
 10644 | Lair:6   | Entered Level 6 of the Lair of Beasts
 10698 | Lair:6   | Reached skill level 5 in Dodging
 11385 | Lair:6   | Got a pair of fine boots
 11386 | Lair:6   | Identified the +2 pair of boots "Petodoki" {rF+ Dex+2} (You
                  | found it on level 6 of the Lair of Beasts)
 11662 | Lair:6   | Reached skill level 10 in Dodging
 11760 | Lair:6   | Reached XP level 14. HP: 126/126 MP: 20/20
 12062 | Lair:6   | Paralysed by a hornet for 3 turns
 12070 | Lair:6   | Reached ****** piety under Lugonu
 12370 | D:9      | Found an ornate altar of the Wu Jian Council.
 12528 | D:9      | Found a glowing silver altar of Zin.
 12528 | D:9      | Found a shadowy altar of Dithmenos.
 12921 | D:10     | Entered Level 10 of the Dungeon
 13488 | D:11     | Noticed Josephine
 13533 | D:11     | Reached skill level 15 in Fighting
 13539 | D:11     | Killed Josephine
 14299 | D:11     | You fall through a shaft!
 14368 | D:12     | Found an opulent altar of Gozag.
 14578 | D:12     | Noticed Sonja
 14583 | D:12     | Banished Sonja
 15647 | D:11     | Found a staircase to the Orcish Mines.
 15741 | Orc:1    | Entered Level 1 of the Orcish Mines
 15741 | Orc:1    | Found a roughly hewn altar of Beogh.
 15986 | Orc:2    | Entered Level 2 of the Orcish Mines
 16507 | Orc:2    | Reached XP level 15. HP: 147/147 MP: 15/21
 16530 | Orc:2    | Found Sakh's Assorted Antiques.
 16530 | Orc:2    | Found Jyumyqadgh's Antique Armour Shop.
 16590 | Orc:2    | Found a roughly hewn altar of Beogh.
 16767 | Orc:2    | Found a staircase to the Elven Halls.
 16851 | Orc:2    | Found a roughly hewn altar of Beogh.
 16887 | Orc:2    | Noticed Erolcha
 16891 | Orc:2    | Killed Erolcha
 16996 | Orc:2    | Found Qoth's Book Emporium.
 17000 | Orc:2    | Gained mutation: You occasionally shout uncontrollably at
                  | your foes. [a neqoxec]
 17029 | Orc:2    | Found Ygrunt's Food Shop.
 17657 | D:13     | Got a transparent hunting sling
 17658 | D:13     | Identified the +8 hunting sling of Seputo Moacy {venom,
                  | rPois rC- rN+ Int+4} (You found it on level 13 of the
                  | Dungeon)
 17708 | D:13     | Found Ynem's Weapon Emporium.
 18543 | D:13     | Found a gate to the Vaults.
 18879 | D:14     | Reached skill level 15 in Polearms
 19104 | D:14     | Noticed Azrael
 19130 | D:14     | Killed Azrael
 19504 | D:15     | Entered Level 15 of the Dungeon
 19744 | D:15     | Found a portal to a secret trove of treasure.
 19759 | D:15     | Reached XP level 16. HP: 160/161 MP: 22/22
 20279 | Swamp:1  | Entered Level 1 of the Swamp
 22347 | Swamp:3  | Noticed Jorgrun
 22373 | Swamp:3  | Killed Jorgrun
 23075 | Swamp:4  | Entered Level 4 of the Swamp
 23099 | Swamp:4  | Reached skill level 15 in Armour
 23111 | Swamp:4  | Paralysed by a hornet for 1 turns
 24265 | Swamp:4  | Noticed a thorn hunter
 24282 | Swamp:4  | Killed a thorn hunter
 24723 | Swamp:4  | Got a decaying rune of Zot
 25303 | Snake:1  | Entered Level 1 of the Snake Pit
 25393 | Snake:1  | Noticed Frances
 25404 | Snake:1  | Gained mutation: You tend to lose your temper in combat. [a
                  | neqoxec]
 25620 | Snake:1  | Killed Frances
 25679 | Snake:1  | Found Kas Ute's Mayhem Merchandise.
 25819 | Snake:1  | Noticed Louise
 25854 | Snake:1  | Killed Louise
 25997 | Snake:1  | Noticed Kirke
 26015 | Snake:1  | Killed Kirke
 26015 | Snake:1  | Reached XP level 17. HP: 170/170 MP: 23/23
 26565 | Snake:1  | You fall through a shaft!
 27058 | Snake:2  | Reached skill level 10 in Evocations
 27592 | Snake:2  | Noticed Saint Roka
 27603 | Snake:2  | Banished Saint Roka
 29953 | Snake:4  | Entered Level 4 of the Snake Pit
 31688 | Snake:4  | Reached XP level 18. HP: 178/178 MP: 24/24
 31933 | Snake:4  | HP: 7/178 [nagaraja/splash of poison (18)]
 31933 | Snake:4  | Slain by a guardian serpent

Vault maps used:
D:1:      shiori_arrival_whats_in_store_for_you
D:2:      nicolae_overflow_quartered_altars, first_ration, minmay_pentomino_q4
D:3:      evilmike_ruin_ashenzari, chequers_decorated_corner, uniq_sigmund
D:4:      xom_teletrap_fun
D:5:      lemuel_doored_altar, minmay_temple_entry_statues_fountains,
          uniq_duvessa, uniq_menkaure
D:6:      chequers_arboretum, fedhas_bush_and_centaur_altar
D:7:      lemuel_round_altar, serial_shops, kennysheep_mini, nicolae_shop_stone,
          nicolae_shop_overgrown_old_shop, shop_fountains, nicolae_shop_stone,
          uniq_pikel, uniq_harold
D:8:      old_standard_altar, grunt_lair_entry_orc_guard_hut,
          hangedman_little_slice_of_home, uniq_joseph, uniq_psyche,
          uniq_maurice, uniq_erica, uniq_prince_ribbit1
D:9:      grunt_temple_overflow_open, basic_altar, lemuel_another_geyser
D:11:     orc_0_dummy, uniq_josephine
D:12:     basic_altar, minmay_misc_feat_four_crosses, uniq_sonja
D:13:     ximxim_vaults_locker_room, serial_shops, kennysheep_little_box
D:14:     infiniplex_staircase_x, uniq_azrael
D:15:     gammafunk_depths_entry_grave, nicolae_trove_entry_free_sample
Lair:1:   uniq_urug, uniq_nergalle
Lair:2:   beast_lair_carwin_1, lemuel_fruit_fields
Lair:3:   swamp_mist, guppyfry_snake_entry_island, st_stairs_4,
          infiniplex_staircase_pool
Lair:5:   dpeg_slime_entry_corner, st_stairs_8
Lair:6:   hangedman_lair_caniforms_friends, hangedman_lair_in_review
Swamp:1:  nicolae_swamp_fairy_circle
Swamp:2:  evilmike_swamp_ruin_house_5
Swamp:3:  nicolae_swamp_treefoil, uniq_jorgrun
Swamp:4:  swamp
Snake:1:  grunt_ministairs_7, minmay_shop_mayhem, uniq_kirke, uniq_louise,
          uniq_frances
Snake:2:  uniq_saint_roka
Snake:3:  guppyfry_library_mini, serial_bayou_shore_a
Snake:4:  johnstein_snake_rune_scales, serial_shops, shop, grunt_ministairs_10,
          st_stairs_6
Orc:1:    basic_altar
Orc:2:    st_orc_town, david_defended_altar_orc, uniq_erolcha

Skill      XL: |  1  2  3  4  5  6  7  8  9 10 11 12 13 14 15 16 17 |
---------------+----------------------------------------------------+-----
Fighting       | 4 5 6 8 12 17 19 20 | 20.0
Invocations    | 4 6 8 10 | 10.2
Polearms       | 2 4 9 11 14 16 | 16.1
Evocations     | 1 6 9 10 | 10.0
Armour         | 9 12 14 16 20 | 20.0
Dodging        | 2 10 | 10.0
Long Blades    | |  2.4

Action                   |  1- 3 |  4- 6 |  7- 9 | 10-12 | 13-15 | 16-18 || total
-------------------------+-------+-------+-------+-------+-------+-------++-------
Melee: Falchion          |    66 |    63 |       |       |       |       ||   129
       Headbutt          |     8 |    19 |    49 |   142 |   500 |   340 ||  1058
       Halberd           |       |    49 |   263 |   560 |  1947 |  1499 ||  4318
Throw: Stone             |       |    32 |       |       |       |       ||    32
Invok: Banish            |       |       |       |    17 |    24 |    42 ||    83
Evoke: Wand              |       |       |       |       |       |     3 ||     3
  Use: Scroll            |       |    10 |       |    12 |     9 |    12 ||    43
       Potion            |       |     3 |       |       |     1 |    10 ||    14
 Stab: Petrified         |       |       |       |       |     6 |       ||     6
       Petrifying        |       |       |       |       |     1 |       ||     1
       Confused          |       |       |       |       |       |     2 ||     2
       Invisible         |       |       |       |       |       |     1 ||     1
  Eat: Chunk             |       |     6 |     9 |    19 |    42 |    21 ||    97
       Ration            |       |       |       |       |       |    10 ||    10
Armor: Leather armour    |    23 |    29 |    90 |       |       |       ||   142
       Skin              |       |    29 |       |       |       |       ||    29
       Ring mail         |       |       |    16 |   252 |   615 |   512 ||  1395
Dodge: Dodged            |    41 |    82 |   138 |   310 |  1628 |   921 ||  3120
       Rpst.: Falchion   |     7 |     7 |       |       |       |       ||    14

Table legend:
 A = Non-vault XP
 B = Vault XP
 C = Vault XP percentage of total XP
 D = Non-vault monster count
 E = Vault monster count
 F = Vault count percentage of total count
                 A         B        C        D         E       F
            +---------+---------+-------+---------+---------+-------
      Total |  192529 |  102222 |  34.7 |     870 |     344 |  28.3
            +---------+---------+-------+---------+---------+-------
        D:1 |      46 |       0 |   0.0 |      24 |       0 |   0.0
        D:2 |      96 |       4 |   4.0 |      19 |       3 |  13.6
        D:3 |     237 |     231 |  49.4 |      23 |       1 |   4.2
        D:4 |     107 |       0 |   0.0 |      10 |       0 |   0.0
        D:5 |     811 |     398 |  32.9 |      23 |       3 |  11.5
        D:6 |     818 |     115 |  12.3 |      20 |       1 |   4.8
        D:7 |    1117 |    1648 |  59.6 |      25 |       2 |   7.4
        D:8 |    1436 |    2649 |  64.8 |      18 |      18 |  50.0
        D:9 |    1072 |       0 |   0.0 |      22 |       0 |   0.0
       D:10 |    3172 |       0 |   0.0 |      38 |       0 |   0.0
       D:11 |    9713 |    2103 |  17.8 |      67 |       6 |   8.2
       D:12 |    2099 |     391 |  15.7 |      27 |       1 |   3.6
       D:13 |   17292 |    2983 |  14.7 |      47 |      11 |  19.0
       D:14 |   10159 |    2604 |  20.4 |      43 |       9 |  17.3
       D:15 |   13984 |    1446 |   9.4 |      47 |       2 |   4.1
     Lair:1 |    3852 |     819 |  17.5 |      23 |       2 |   8.0
     Lair:2 |    5065 |     791 |  13.5 |      22 |       6 |  21.4
     Lair:3 |    3826 |     850 |  18.2 |      17 |       4 |  19.0
     Lair:4 |   10248 |    6084 |  37.3 |      34 |      25 |  42.4
     Lair:5 |    2245 |     417 |  15.7 |       6 |       2 |  25.0
     Lair:6 |   12088 |   20846 |  63.3 |      43 |      77 |  64.2
    Swamp:1 |    6393 |       0 |   0.0 |      18 |       0 |   0.0
    Swamp:2 |    5172 |       0 |   0.0 |      19 |       0 |   0.0
    Swamp:3 |    9965 |    3427 |  25.6 |      26 |       4 |  13.3
    Swamp:4 |   10206 |   11243 |  52.4 |      28 |      24 |  46.2
    Snake:1 |    9526 |    6635 |  41.1 |      20 |       5 |  20.0
    Snake:2 |   15072 |    2934 |  16.3 |      27 |       9 |  25.0
    Snake:3 |   18076 |    6508 |  26.5 |      37 |      15 |  28.8
    Snake:4 |   12885 |   18729 |  59.2 |      26 |      41 |  61.2
      Orc:1 |    4115 |    1083 |  20.8 |      40 |      12 |  23.1
      Orc:2 |    1636 |    7284 |  81.7 |      31 |      61 |  66.3
            +---------+---------+-------+---------+---------+-------
